 Dungeon Sprint DCSS version 0.17-a0-1685-g57e755e (webtiles) character file.

3476 Kidiri the Covert (level 9, 0/58 HPs)
             Began as a Spriggan Enchanter on Aug 19, 2015.
             Was a High Priest of Dithmenos.
             Slain by a killer bee (3 damage)
             ... in the Dungeon (Sprint III: "The Ten Rune Challenge").
             The game lasted 00:06:28 (1147 turns).

Kidiri the Covert (Spriggan Enchanter)              Turns: 1147, Time: 00:06:28

Health: 0/58       AC:  3    Str:  9    XL:     9   Next: 79%
Magic:  4/25       EV: 30    Int: 18    God:    Dithmenos [*****.]
Gold:   53         SH:  0    Dex: 18    Spells: 8 memorised, 4 levels left

rFire  . . .     SeeInvis +     a - +1 dagger
rCold  . . .     Clarity  .     b - +1 robe
rNeg   . . .     SustAt   .     (shield restricted)
rPois  .         Gourm    .     (helmet restricted)
rElec  .         Spirit   .     (no cloak)
rCorr  .         Warding  .     (gloves unavailable)
rMut   .         NoTele   +     (boots unavailable)
MR     +....                    (no amulet)
Stlth  ..........               (no ring)
                                (no ring)

@: berserking, lethally poisoned (0 -> -4), wreathed by umbra, very quick,
somewhat resistant to hostile enchantments, extremely unstealthy
A: unfitting armour, see invisible, herbivore 3, speed 3, slow metabolism 2
a: Shadow Step, Shadow Form, Renounce Religion


You were in the Dungeon.
You worshipped Dithmenos.
Dithmenos was extremely pleased with you.
You were not hungry.

You visited 1 branch You collected 53 gold pieces.

Inventory:

Hand weapons
 a - a +1 dagger (weapon)
Missiles
 l - 10 throwing nets (quivered)
Armour
 b - a +1 robe (worn)
Magical devices
 k - a wand of teleportation (4)
Scrolls
 j - a scroll of blinking
 n - 3 scrolls of remove curse
Potions
 g - a potion of haste
 h - a potion of magic
 i - a potion of might
 o - 3 potions of cure mutation
 p - 4 potions of flight
Books
 e - a book of Enchantments

   Spells                             Type                      Level
   a - Cause Fear                     Hexes                        4
   b - Silence                        Hexes/Air                    5
   c - Deflect Missiles               Charms/Air                   6
   d - Haste                          Charms                       6
   e - Discord                        Hexes                        8
Comestibles
 c - a royal jelly
 d - 2 bread rations
 q - 2 fruits


   Skills:
 + Level 7.6 Short Blades
 * Level 13.7 Dodging
 * Level 14.7 Stealth
 * Level 11.9 Spellcasting
 + Level 4.7 Conjurations
 + Level 9.2 Hexes
 + Level 5.9 Charms
 + Level 5.3 Ice Magic
 + Level 3.9 Air Magic
 + Level 4.7 Invocations


You had 4 spell levels left.
You knew the following spells:

 Your Spells              Type           Power        Failure   Level  Hunger
a - Corona                Hex            #####..      1%          1    None
b - Ensorcelled Hibernat  Hex/Ice        #####.       1%          2    None
c - Confuse               Hex            #####...     1%          3    None
d - Tukima's Dance        Hex            #####...     1%          3    None
e - Dazzling Spray        Conj/Hex       #####...     1%          3    None
f - Cause Fear            Hex            #####.....   1%          4    ##.....
g - Silence               Hex/Air        ####......   14%         5    ####...
h - Deflect Missiles      Chrm/Air       ####......   98%         6    ######.


Dungeon Overview and Level Annotations

Branches:
Dungeon (1/1)

Altars:
Cheibriados
Dithmenos
Elyvilon
Fedhas
Gozag
Kikubaaqudgha
Makhleb
Nemelex Xobeh
Okawaru
Qazlal
Ru
Sif Muna
Trog
Vehumet
Xom
Yredelemnul
Zin
The Shining One
Jiyva
Lugonu


Innate Abilities, Weirdness & Mutations

You are tiny and cannot use many weapons and most armour.
You have supernaturally acute eyesight.
You are a herbivore.
You cover ground extremely quickly.
You need consume almost no food.


Message History

The killer bee stings you.
* * * LOW HITPOINT WARNING * * *
Drink which item? (? for menu, Esc to quit)
A red film seems to cover your vision as you go berserk!
You feel yourself moving faster!
You feel mighty!
The killer bee buzzes angrily.
The killer bee completely misses you. x2
The killer bee barely misses you. The killer bee completely misses you.
Unknown command.
You closely miss the killer bee. Your shadow misses the killer bee.
The killer bee completely misses you.
You hit the killer bee.
The killer bee is heavily wounded.
* * * LOW HITPOINT WARNING * * *
You feel sick.
The killer bee stings you but does no damage.
You miss the killer bee.
The killer bee is heavily wounded.
The killer bee completely misses you. The killer bee stings you.
You die...

)#)_# ##+## ....# ...%# ###'#
#...#+###########################
#...#....#.#.#)....#......†yy%y≈#
#...##.#).#.##.###.#....y.#%.yy≈#
#...'##.#.#.##.#@y##......#


yyy≈≈ +...#...#..#..##†yyyyy....# yy≈≈ ▓▓▓▓▓▓▓▓▓▓▓▓▓▓▓▓▓▓#yy.....# %.. #.y.....#
%. +.......# . #.......# ##+###### You could see 9 killer bees.

Vanquished Creatures
  Erolcha (D)
  A deep elf priest (D)
  2 trapdoor spiders (D)
  A shadow (D)
  A redback (D)
  2 hill giants (D)
  A spatial vortex (D)
  A necrophage (D)
  3 two-headed ogres (D)
  A water elemental (D)
  18 killer bees (D)
  A jelly (D)
  Jessica (D)
  A wizard (D)
  A necromancer (D)
  A wolf (D)
  3 humans (D)
  A kobold demonologist (D)
  An ooze (D)
  2 rats (D)
44 creatures vanquished.

Vanquished Creatures (others)
  2 draconian scorchers (D)
  A fire drake (D)
  2 yaktaurs (D)
  3 plants (D)
8 creatures vanquished.

Grand Total: 52 creatures vanquished

Notes
Turn   | Place    | Note
--------------------------------------------------------------
     0 | D        | Kidiri the Spriggan Enchanter began the quest for the Orb.
     0 | D        | Reached XP level 1. HP: 9/9 MP: 5/5
    23 | D        | Reached skill level 5 in Stealth
    47 | D        | Noticed Jessica
    57 | D        | Killed Jessica
    57 | D        | Reached skill level 5 in Dodging
    57 | D        | Reached skill level 6 in Stealth
    57 | D        | Reached XP level 2. HP: 11/13 MP: 4/8
    57 | D        | Reached XP level 3. HP: 13/16 MP: 5/10
    63 | D        | Learned a level 2 spell: Ensorcelled Hibernation
    67 | D        | Learned a level 3 spell: Confuse
    71 | D        | Learned a level 3 spell: Tukima's Dance
   125 | D        | Noticed a wolf
   130 | D        | Killed a wolf
   130 | D        | Reached skill level 7 in Stealth
   130 | D        | Reached skill level 5 in Spellcasting
   134 | D        | Reached skill level 1 in Ice Magic
   134 | D        | Reached XP level 4. HP: 21/21 MP: 9/12
   139 | D        | Learned a level 3 spell: Dazzling Spray
   165 | D        | Gained mutation: Armour fits poorly on your strangely shaped body. [potion of mutation]
   165 | D        | Gained mutation: You are somewhat resistant to further mutation. [potion of mutation]
   165 | D        | Gained mutation: You have a somewhat thin skeletal structure (Dex +2, Stealth). [potion of mutation]
   166 | D        | Gained mutation: You are clumsy. (Dex -2) [potion of mutation]
   167 | D        | Lost mutation: You are clumsy. (Dex -2) [potion of cure mutation]
   167 | D        | Lost mutation: Armour fits poorly on your strangely shaped body. [potion of cure mutation]
   167 | D        | Lost mutation: You have a somewhat thin skeletal structure (Dex +2, Stealth). [potion of cure mutation]
   167 | D        | Lost mutation: You are somewhat resistant to further mutation. [potion of cure mutation]
   177 | D        | Noticed a water elemental
   180 | D        | Killed a water elemental
   180 | D        | Reached skill level 8 in Stealth
   180 | D        | Reached skill level 1 in Conjurations
   180 | D        | Reached skill level 5 in Hexes
   180 | D        | Reached XP level 5. HP: 24/24 MP: 12/14
   190 | D        | Noticed a jelly
   191 | D        | Noticed a shadow
   220 | D        | Killed a jelly
   220 | D        | Reached skill level 9 in Stealth
   226 | D        | Noticed a two-headed ogre
   226 | D        | Noticed a two-headed ogre
   230 | D        | Noticed a two-headed ogre
   230 | D        | Killed a two-headed ogre
   235 | D        | Killed a two-headed ogre
   235 | D        | Reached skill level 10 in Stealth
   235 | D        | Reached XP level 6. HP: 10/28 MP: 5/17
   239 | D        | Killed a two-headed ogre
   239 | D        | Reached skill level 5 in Short Blades
   268 | D        | HP: 1/28 [shadow (11)]
   279 | D        | Killed a shadow
   279 | D        | Reached skill level 10 in Dodging
   279 | D        | Reached skill level 11 in Stealth
   279 | D        | Reached XP level 7. HP: 32/32 MP: 2/20
   320 | D        | Killed a white draconian scorcher
   321 | D        | Killed a white draconian scorcher
   338 | D        | Killed a yaktaur
   393 | D        | Killed a yaktaur
   427 | D        | Killed a fire drake
   468 | D        | Found a stormy altar of Qazlal.
   469 | D        | Found a sacrificial altar of Ru.
   469 | D        | Found a burning altar of Makhleb.
   469 | D        | Found a viscous altar of Jiyva.
   469 | D        | Found a shimmering altar of Xom.
   469 | D        | Found a shadowy altar of Dithmenos.
   469 | D        | Found a sparkling altar of Nemelex Xobeh.
   469 | D        | Found a corrupted altar of Lugonu.
   469 | D        | Found an opulent altar of Gozag.
   469 | D        | Noticed a spatial vortex
   473 | D        | Became a worshipper of Dithmenos the Shadowed
   495 | D        | Killed a spatial vortex
   495 | D        | Reached skill level 1 in Invocations
   739 | D        | Found a radiant altar of Vehumet.
   740 | D        | Found a deep blue altar of Sif Muna.
   740 | D        | Found an ancient bone altar of Kikubaaqudgha.
   740 | D        | Noticed a wizard
   741 | D        | Killed a wizard
   753 | D        | Learned a level 4 spell: Cause Fear
   759 | D        | Learned a level 5 spell: Silence
   769 | D        | Found a glowing silver altar of Zin.
   770 | D        | Found a glowing golden altar of the Shining One.
   770 | D        | Found a white marble altar of Elyvilon.
   770 | D        | Noticed a deep elf priest
   772 | D        | Killed a deep elf priest
   772 | D        | Reached skill level 12 in Stealth
   772 | D        | Reached skill level 1 in Air Magic
   784 | D        | Found an iron altar of Okawaru.
   785 | D        | Found a bloodstained altar of Trog.
   785 | D        | Noticed a human
   785 | D        | Noticed a human
   787 | D        | Killed a human
   787 | D        | Reached XP level 8. HP: 36/36 MP: 22/22
   788 | D        | Killed a human
   788 | D        | Reached skill level 10 in Spellcasting
   805 | D        | Learned a level 6 spell: Deflect Missiles
   810 | D        | Found a snail-covered altar of Cheibriados.
   810 | D        | Noticed a necrophage
   812 | D        | Noticed a necromancer
   813 | D        | Killed a necromancer
   813 | D        | Acquired Dithmenos's first power
   814 | D        | Found a basalt altar of Yredelemnul.
   814 | D        | Found a blossoming altar of Fedhas.
   826 | D        | Killed a necrophage
   826 | D        | Reached skill level 13 in Stealth
   826 | D        | Reached skill level 1 in Charms
   925 | D        | Noticed a hill giant
   928 | D        | Killed a hill giant
   934 | D        | Noticed a hill giant
   934 | D        | Noticed Erolcha
   936 | D        | Killed Erolcha
   936 | D        | Reached XP level 9. HP: 39/39 MP: 23/25
   937 | D        | Killed a hill giant
   937 | D        | Acquired Dithmenos's second power
   937 | D        | Reached skill level 14 in Stealth
   944 | D        | Noticed a redback
   947 | D        | Killed a redback
   953 | D        | Noticed a trapdoor spider
   957 | D        | Killed a trapdoor spider
   957 | D        | Reached skill level 5 in Ice Magic
  1011 | D        | Noticed a trapdoor spider
  1021 | D        | Killed a trapdoor spider
  1091 | D        | Noticed a killer bee
  1091 | D        | Noticed a killer bee
  1091 | D        | Noticed a killer bee
  1091 | D        | Noticed a killer bee
  1091 | D        | Noticed a killer bee
  1091 | D        | Noticed a killer bee
  1091 | D        | Noticed a killer bee
  1091 | D        | Noticed a killer bee
  1091 | D        | Noticed a killer bee
  1091 | D        | Noticed a queen bee
  1091 | D        | Noticed a killer bee
  1091 | D        | Noticed a killer bee
  1091 | D        | Noticed a killer bee
  1091 | D        | Noticed a killer bee
  1091 | D        | Noticed a killer bee
  1092 | D        | Noticed a killer bee
  1092 | D        | Noticed a killer bee
  1092 | D        | Noticed a killer bee
  1092 | D        | Noticed a killer bee
  1093 | D        | Noticed a killer bee
  1093 | D        | Killed a killer bee
  1095 | D        | Noticed a killer bee
  1095 | D        | Noticed a killer bee
  1095 | D        | Killed a killer bee
  1095 | D        | Acquired Dithmenos's third power
  1096 | D        | Noticed a killer bee
  1097 | D        | Noticed a killer bee
  1097 | D        | Noticed a killer bee
  1097 | D        | Killed a killer bee
  1099 | D        | Noticed a killer bee
  1099 | D        | Killed a killer bee
  1100 | D        | Noticed a killer bee
  1100 | D        | Noticed a killer bee
  1101 | D        | Killed a killer bee
  1103 | D        | Noticed a killer bee
  1103 | D        | Killed a killer bee
  1105 | D        | Killed a killer bee
  1106 | D        | Noticed a killer bee
  1107 | D        | Killed a killer bee
  1107 | D        | Acquired Dithmenos's fourth power
  1107 | D        | Reached skill level 5 in Charms
  1108 | D        | Noticed a killer bee
  1109 | D        | Killed a killer bee
  1111 | D        | Noticed a killer bee
  1111 | D        | Killed a killer bee
  1113 | D        | Killed a killer bee
  1114 | D        | Noticed a killer bee
  1115 | D        | Killed a killer bee
  1135 | D        | Killed a killer bee
  1137 | D        | Killed a killer bee
  1141 | D        | Killed a killer bee
  1142 | D        | Killed a killer bee
  1142 | D        | Killed a killer bee
  1143 | D        | Killed a killer bee
  1147 | D        | Slain by a killer bee

Vault maps used:
D:        dungeon_sprint_mu

Action                   |  1- 3 |  4- 6 |  7- 9 || total
-------------------------+-------+-------+-------++-------
Melee: Dagger            |    21 |    26 |    51 ||    98
 Cast: Corona            |     1 |       |       ||     1
       Ensorcelled Hiber |     1 |     8 |    27 ||    36
       Dazzling Spray    |       |     1 |    13 ||    14
       Confuse           |       |       |     2 ||     2
  Use: Potion            |     1 |     5 |     2 ||     8
       Scroll            |       |     3 |       ||     3
 Stab: Sleeping          |     3 |     5 |    23 ||    31
       Confused          |       |       |     2 ||     2
